 Dungeon Crawl Stone Soup version 0.30.1-11-g7821555f0a (webtiles) character file.

Game seed: 13919190032848635642

1194 KittyFluff the Covered (level 8, -1/73 HPs)
             Began as a Gargoyle Berserker on Nov 23, 2023.
             Was a Priest of Trog.
             Slain by Edmund
             ... wielding a +2 dire flail of draining
              (9 damage)
             ... on level 6 of the Dungeon.
             The game lasted 00:16:17 (4648 turns).

KittyFluff the Covered (Gargoyle Berserker)         Turns: 4648, Time: 00:16:17

Health: -1/73      AC: 10    Str: 23    XL:     8   Next: 44%
Magic:  8/8        EV: 12    Int:  8    God:    Trog [***...]
Gold:   129        SH:  5    Dex:  9    Spells: 7/7 levels left

rFire   . . .        u - +4 mace (protect)
rCold   . . .        (no shield)
rNeg    + . .        h - +0 leather armour
rPois   ∞            t - +2 hat
rElec   +            (no cloak)
rCorr   .            (no gloves)
SInv    .            (no boots)
Will    .....        b - amulet of reflection Stlth
                     (no ring)
HPRegen 0.32/turn    (no ring)
MPRegen 0.11/turn

%: reflection
@: berserking (expiring), corroded, under a protective aura, very quick
A: sickness immunity, AC +5, negative energy resistance 1, electricity
resistance, torment resistance 1, petrification resistance
a: Renounce Religion, Berserk, Trog's Hand


You were on level 6 of the Dungeon.
You worshipped Trog.
Trog was most pleased with you.
You visited 1 branch of the dungeon, and saw 6 of its levels.

You collected 385 gold pieces.
You spent 256 gold pieces at shops.

Inventory:

Hand Weapons
 o - a +0 quarterstaff
 u - a +4 mace of protection (weapon)
 v - a +0 sling
Missiles
 m - 9 poisoned darts (quivered)
Armour
 h - a +0 leather armour (worn)
 t - a +2 hat (worn)
Jewellery
 b - an amulet of reflection (around neck)
 k - a ring of ice
 n - a ring of fire
Scrolls
 a - a scroll of noise {unknown}
 c - a scroll of blinking {unknown}
 f - 6 scrolls of teleportation
 j - 2 scrolls of amnesia {unknown}
 l - 2 scrolls of enchant armour {unknown}
 r - a scroll of fog {unknown}
 w - a scroll of fear {unknown}
Potions
 d - 2 potions of flight
 e - a potion of berserk rage {unknown}
 i - 2 potions of curing
 p - a potion of mutation
 q - a potion of might {unknown}
 s - 2 potions of haste {unknown}
 x - 2 potions of lignification {unknown}
 z - a potion of cancellation {unknown}


   Skills:
 + Level 5.1 Fighting
 * Level 6.0 Maces & Flails
 * Level 6.1 Armour
 + Level 3.3 Dodging
 + Level 4.0 Stealth


You had 7 spell levels left.
You didn't know any spells.
Your spell library was empty.

Dungeon Overview and Level Annotations

Branches:
Dungeon (6/15)             Temple (0/1) D:4

Altars:
Trog
Xom
Zin

Shops:
D:4 (

Annotations:
D:6 Edmund


Innate Abilities, Weirdness & Mutations

You are immune to sickness and miasma.
Your stone body is resilient. (AC +5)
You are immune to poison.
You resist negative energy. (rN+)
You are resistant to electric shocks. (rElec)
You are resistant to unholy torment.
You are immune to petrification.


Message History

The jelly hits you.
You are splashed with acid!
* * * LOW HITPOINT WARNING * * *
You sock the jelly!
You kill the jelly!
Trog accepts your kill.
You hit the sleepcap but do no damage. The sleepcap barely misses you.
A red film seems to cover your vision as you go berserk!
You feel yourself moving faster!
You feel mighty! You block the sleepcap's attack.
You hit the sleepcap.
The sleepcap is lightly damaged.
The sleepcap closely misses you.
You sock the sleepcap!
The sleepcap is heavily damaged.
The sleepcap barely misses you.
You completely miss the sleepcap.
The sleepcap is heavily damaged.
You sock the sleepcap!
The sleepcap is almost destroyed.
The sleepcap releases spores at you but does no damage.
You sock the sleepcap!
You destroy the sleepcap!
Trog accepts your kill.
You hit Edmund.
Edmund is lightly wounded.
Edmund hits you with a +2 dire flail of draining!
* * * LOW HITPOINT WARNING * * *
You barely miss Edmund.
Edmund is lightly wounded.
You hit Edmund but do no damage.
Edmund is lightly wounded.
Edmund closely misses you.
You sock Edmund!
Edmund is moderately wounded.
Edmund hits you with a +2 dire flail of draining!
* * * LOW HITPOINT WARNING * * *
You hit Edmund but do no damage.
Edmund is moderately wounded.
Edmund hits you with a +2 dire flail of draining!
You die...

#.######.#########
#...# #..........
#.#.# #########..
#.#.#### #..
#.#....# #.#
#.####..# #.# #.#
..# #.# #.# ##...
#@# ...... #@#
..... . #.#......
#........
###...... ......
..... ..... ....


You could see Edmund.

Vanquished Creatures
  A black bear (D:4)
  2 ogres
  6 scorpions
  4 wights (D:6)
  3 hounds
  A jelly (D:6)
  2 iguanas
  A sleepcap (D:6)
  5 adders
  4 gnolls (D:5)
  A shadow imp (D:5)
  A white imp (D:5)
  An ufetubus (D:4)
  3 dart slugs
  3 orcs (D:3)
  4 bats
  4 endoplasms
  2 giant cockroaches
  5 goblins
  2 hobgoblins
  2 jackals (D:4)
  5 kobolds
  3 quokkas
  8 ball pythons
  2 frilled lizards
  6 rats
81 creatures vanquished.

Notes
Turn   | Place    | Note
-------+----------+-------------------------------------------
     0 | D:1      | KittyFluff the Gargoyle Berserker began the quest for the
                  | Orb.
     0 | D:1      | Reached XP level 1. HP: 14/14 MP: 1/1
   256 | D:1      | Reached XP level 2. HP: 19/19 MP: 2/2
   795 | D:2      | Reached XP level 3. HP: 20/23 MP: 3/3
   840 | D:2      | Reached ** piety under Trog
   848 | D:2      | Found a faded altar of an unknown god.
  1021 | D:2      | Found a shimmering altar of Xom.
  1084 | D:2      | Reached skill level 1 in Stealth
  1795 | D:3      | Reached XP level 4. HP: 13/28 MP: 4/4
  2123 | D:3      | Found a bloodstained altar of Trog.
  2123 | D:3      | Found a glowing silver altar of Zin.
  2366 | D:4      | Noticed an ogre
  2378 | D:4      | Killed an ogre
  2379 | D:4      | Reached XP level 5. HP: 33/33 MP: 5/5
  2498 | D:4      | Found Homupist's Weapon Emporium.
  2541 | D:4      | Reached XP level 6. HP: 38/38 MP: 6/6
  2592 | D:4      | Found a staircase to the Ecumenical Temple.
  2730 | D:4      | Noticed a black bear
  2739 | D:4      | Killed a black bear
  2742 | D:4      | Reached XP level 7. HP: 38/43 MP: 7/7
  2921 | D:4      | Bought a +4 mace of protection for 256 gold pieces
  2937 | D:4      | Reached skill level 5 in Maces & Flails
  2948 | D:5      | Entered Level 5 of the Dungeon
  3110 | D:5      | Reached skill level 5 in Armour
  3267 | D:5      | Reached *** piety under Trog
  3937 | D:5      | Reached XP level 8. HP: 48/48 MP: 8/8
  4523 | D:6      | Reached skill level 5 in Fighting
  4626 | D:6      | Noticed Edmund
  4648 | D:6      | Slain by Edmund

Illustrated notes

Levels and vault maps discovered:
D:1:      onia_arrival_handbag, layout_basic, minmay_tetromino_o4
D:2:      layout_basic, basic_altar, ebering_ecumenical_altar_webs
D:3:      layout_loops_corners, gammafunk_temple_overflow_pools,
          chequers_serial_rivers_room_b
D:4:      layout_rooms, minmay_temple_entry_mist, nicolae_stop_n_shop_2
D:5:      layout_gridville
D:6:      layout_basic, serial_shops, shop, uniq_edmund

Skill      XL: |  1  2  3  4  5  6  7  8 |
---------------+-------------------------+-----
Stealth        | 1 2 3 4 |  4.0
Armour         | 3 4 5 6 |  6.1
Maces & Flails | 4 5 6 |  6.0
Dodging        | 2 3 |  3.3
Fighting       | 4 5 |  5.1

Action                     |  1- 3 |  4- 6 |  7- 9 || total
---------------------------+-------+-------+-------++-------
  Melee: Mace              |   112 |    87 |   150 ||   349
         Punch             |       |     1 |     2 ||     3
  Throw: Dart              |       |     6 |       ||     6
 Invoke: Berserk           |       |     1 |     2 ||     3
    Use: Scroll            |       |       |     5 ||     5
 Armour: Animal skin       |    12 |       |       ||    12
         Leather armour    |    20 |    46 |    66 ||   132
  Dodge: Dodged            |    55 |    66 |    68 ||   189
  Block: Other             |    12 |    25 |    30 ||    67
         Reflection        |     2 |       |       ||     2
